 Dungeon Crawl Stone Soup version 0.18-a0-1197-g8004e50 (webtiles) character file.

130225 syzygy the Peltast (level 16, 149/149 HPs)
             Began as a Minotaur Monk on Jan 30, 2016.
             Was a High Priest of Okawaru.
             Quit the game on level 1 of the Spider Nest.
             The game lasted 01:34:57 (31059 turns).

syzygy the Peltast (Minotaur Monk)                 Turns: 31059, Time: 01:34:58

Health: 149/149    AC: 22    Str: 19    XL:     16   Next: 52%
Magic:  29/29      EV: 18    Int:  4    God:    Okawaru [*****.]
Gold:   1430       SH: 20    Dex: 22    Spells: 2 memorised, 12 levels left

rFire  . . .     SeeInvis .     a - +7 broad axe (flame)
rCold  . . .     Gourm    .     n - +0 chain mail of Ologel {-Cast rElec Regen+}
rNeg   + + +     Faith    .     v - +0 large shield
rPois  +         Spirit   .     T - +2 hat
rElec  +         Dismiss  .     s - +2 cloak
rCorr  .         Reflect  .     x - +0 pair of gloves
SustAt .         Harm     .     F - +0 pair of boots of Henotheism {rN+++ Int-3 Dex+2 Stlth+}
MR     ++...     NoCast   +     O - amulet of magic regeneration
Stlth  +.........               W - ring "Bihac" {MR+ MP+9 Dex+3}
                                m - ring of poison resistance

@: very resistant to hostile enchantments, very unstealthy
A: retaliatory headbutt, horns 2, repulsion field 1
a: Heroism, Finesse, Renounce Religion


You were on level 1 of the Spider Nest.
You worshipped Okawaru.
Okawaru was extremely pleased with you.
You were hungry.

You visited 5 branches of the dungeon, and saw 27 of its levels.
You also visited: Trove and Ossuary.

You collected 2488 gold pieces.
You spent 1058 gold pieces at shops.

Inventory:

Hand Weapons
 a - a +7 broad axe of flaming (weapon)
Missiles
 w - 4 throwing nets (quivered)
Armour
 n - the +0 chain mail of Ologel (worn) {-Cast rElec Regen+}
   (You found it on level 15 of the Dungeon)

   It insulates you from electricity.
   It prevents spellcasting.
   It increases your rate of regeneration.
 s - a +2 cloak (worn)
 u - a +0 plate armour
 v - a +0 large shield (worn)
 x - a +0 pair of gloves (worn)
 F - the +0 pair of boots of Henotheism (worn) {rN+++ Int-3 Dex+2 Stlth+}
   (You acquired it on level 3 of the Lair of Beasts)

   It affects your intelligence (-3).
   It affects your dexterity (+2).
   It renders you almost immune to negative energy.
   It makes you more stealthy.
 T - a +2 hat (worn)
Jewellery
 m - a ring of poison resistance (left hand)
 D - an uncursed ring of see invisible
 O - an amulet of magic regeneration (around neck)
 V - an uncursed ring of positive energy
 W - the ring "Bihac" (right hand) {MR+ MP+9 Dex+3}
   (You found it on level 15 of the Dungeon)

   [ring of protection from magic]

   It affects your dexterity (+3).
   It affects your resistance to hostile enchantments.
   It affects your magic capacity (+9).
Wands
 G - a wand of heal wounds (4/9)
 Y - a wand of disintegration (11/24)
 Z - a wand of teleportation (3/9)
Scrolls
 c - a scroll of recharging
 e - 3 scrolls of amnesia
 i - 3 scrolls of identify
 j - 15 scrolls of remove curse
 l - 5 scrolls of blinking
 r - 9 scrolls of teleportation
 t - 8 scrolls of magic mapping
 y - 7 scrolls of enchant armour
 B - 5 scrolls of fear
 H - 6 scrolls of fog
 U - 3 scrolls of holy word
Potions
 f - 5 potions of might
 g - a potion of haste
 o - 2 potions of brilliance
 p - 4 potions of lignification
 q - 4 potions of heal wounds
 A - 3 potions of flight
 C - 3 potions of resistance
 E - a potion of magic
 I - 2 potions of ambrosia
 J - 2 potions of cancellation
 L - 13 potions of curing
 N - 2 potions of agility
 P - 2 potions of berserk rage
 S - 3 potions of invisibility
Books
 M - a book of Cantrips

   Spells                             Type                      Level
   a - Corona                         Hexes                        1
   b - Animate Skeleton               Necromancy                   1
   c - Summon Small Mammal            Summoning                    1
   d - Apportation                    Translocation                1
Comestibles
 b - 10 bread rations
 h - a beef jerky
 k - 11 meat rations
 z - 15 fruits
 Q - 10 royal jellies


   Skills:
 * Level 15.2 Fighting
 * Level 15.0 Axes
 * Level 15.0 Armour
 * Level 13.0 Dodging
 + Level 4.3 Stealth
 * Level 15.3 Shields
 - Level 4.3 Unarmed Combat
 + Level 7.9 Invocations


You had 12 spell levels left.
You knew the following spells:

 Your Spells              Type           Power        Failure   Level  Hunger
a - Blink                 Tloc           N/A          100%        2    ###....
b - Apportation           Tloc           #.........   100%        1    ##.....


Dungeon Overview and Level Annotations

Branches:
Dungeon (15/15)            Temple (0/1) D:7            Lair (8/8) D:11
  Swamp (1/4) Lair:6       Spider (1/4) Lair:4        Slime (0/6) Lair:6
    Orc (2/2) D:12            Elf (0/3) Orc:2        Vaults (0/5) D:13
 Depths (0/5) D:15

Altars:
Ashenzari
Cheibriados
Dithmenos
Elyvilon
Fedhas
Gozag
Kikubaaqudgha
Makhleb
Nemelex Xobeh
Okawaru
Pakellas
Sif Muna
Trog
Vehumet
The Shining One
Beogh
Jiyva

Shops:
D:4 *   D:9 (   D:11 !*?(?   D:13 (   D:14 :   D:15 }*   Orc:1 *:?   Orc:2 (:*%

Portals:
Pandemonium: Orc:2


Innate Abilities, Weirdness & Mutations

You reflexively headbutt those who attack you in melee.
You have a pair of horns on your head.
You are surrounded by a mild repulsion field (EV +2).


Message History

You see here a tarantella corpse.
You butcher the tarantella corpse.
d - a chunk of flesh Eat a chunk of flesh? (ye/n/q/i?) This raw flesh tastes terrible.
You continue eating. x2
You are feeling hungry.
Eat which item? (? for menu, Esc to quit)
You can't eat that!
You see here a wolf spider corpse.
j - 15 scrolls of remove curse (gained 1)
You start resting.
HP restored.
You start waiting.
Done waiting.
Save game and exit?
Welcome back, syzygy the Minotaur Monk.
Okawaru says: Bring me glory in combat!
Press ? for a list of commands and other information.
Are you sure you want to abandon this character and quit the game? (Confirm with "yes".)

######
##....[
.......
.......####
........#
#.....#
#<..# #
#.†.#.##
##.@...#
##...##
#..## ####


There were no monsters in sight!

Vanquished Creatures
  Nessos (Lair:8)
  Azrael (D:15)
  A fire dragon (Lair:8)
  9 hydras
  Fannar (D:10)
  2 centaur warriors
  An ogre mage (D:13)
  A catoblepas (Lair:8)
  2 death yaks
  2 tengu warriors
  Urug (Lair:1)
  A soul eater (Orc:2)
  10 orc high priests
  3 skeletal warriors (D:15)
  An infernal demonspawn (Orc:2)
  2 unseen horrors
  A gelid demonspawn (Orc:2)
  2 putrid demonspawn (Orc:2)
  4 orc knights (Orc:2)
  4 hill giants
  A wolf spider zombie (D:15)
  A necromancer (D:15)
  A wolf spider (Spider:1)
  6 orc sorcerers
  12 ugly things
  A manticore (D:14)
  4 cyclopes
  3 deep elf magi
  The ghost of lanji the Digger, a novice GrEE (D:7)
  15 elephants
  2 black mambas
  A rust devil (Orc:2)
  A smoke demon (Orc:2)
  4 gargoyles
  13 spiny frogs
  An orange demon (Orc:2)
  3 torpor snails
  3 naga magi (D:15)
  7 komodo dragons
  2 kobold demonologists (D:14)
  A tengu conjurer (D:14)
  An ice devil (Orc:2)
  5 fire drakes
  A hellwing (Orc:2)
  A spriggan druid (Lair:8)
  3 two-headed ogres
  7 trolls
  6 polar bears
  25 blink frogs
  11 slime creatures
  2 centaur simulacra (D:15)
  7 redbacks
  A tarantella (Spider:1)
  4 wyverns
  12 spriggans (Lair:8)
  2 wraiths
  4 fire elementals (D:15)
  36 yaks
  8 hippogriffs
  4 basilisks
  20 wolves
  3 hungry ghosts
  A steam dragon (D:8)
  6 vampire mosquitoes
  3 wargs
  4 mottled dragons
  A swamp worm (Swamp:1)
  16 water moccasins
  4 hell hounds (D:15)
  9 porcupines
  32 orc warriors
  2 ice beasts
  A swamp drake (Orc:2)
  3 sky beasts
  5 black bears
  6 wasps
  5 eyes of draining
  A phantom (D:9)
  A necrophage (D:11)
  6 ogres
  12 crocodiles
  14 centaurs
  A big kobold (D:12)
  Blork the orc (D:6)
  An elf zombie (Ossuary)
  2 gnoll sergeants
  26 giant frogs
  2 wyvern skeletons (D:15)
  3 scorpions
  11 killer bees (D:11)
  11 crimson imps
  4 centaur zombies
  2 quasits
  2 giant frog zombies
  6 hounds
  7 jellies
  4 centaur skeletons
  A human zombie (Ossuary)
  31 orc priests
  4 iron imps
  A giant frog skeleton (D:4)
  11 iguanas
  24 orc wizards
  16 worker ants
  17 sheep
  A killer bee zombie (D:9)
  2 big kobold zombies (Ossuary)
  A hound skeleton (D:8)
  2 mummies (Ossuary)
  12 gnolls
  10 adders
  67 river rats
  2 shadow imps
  A white imp (Orc:2)
  5 oozes (D:11)
  3 adder zombies
  2 worms (D:2)
  2 giant geckos
  102 orcs
  2 giant cockroaches
  7 goblins
  5 hobgoblins
  11 jackals
  3 quokkas
  2 ball pythons
  6 bats
  2 giant gecko skeletons
  6 giant newts
  3 goblin zombies
  13 hobgoblin zombies (Ossuary)
  A jackal zombie (Ossuary)
  12 kobolds
  8 kobold zombies (Ossuary)
  7 orc zombies (Ossuary)
  A quokka skeleton (D:6)
  5 rats
  A rat zombie (Ossuary)
  A bush (D:8)
  4 fungi
  4 plants
932 creatures vanquished.

Vanquished Creatures (others)
  A bush (Lair:5)
  18 fungi
  A plant (Lair:5)
20 creatures vanquished.

Grand Total: 952 creatures vanquished

Notes
Turn   | Place    | Note
--------------------------------------------------------------
     0 | D:1      | syzygy the Minotaur Monk began the quest for the Orb.
     0 | D:1      | Reached XP level 1. HP: 19/19 MP: 0/0
   184 | D:1      | Reached skill level 1 in Armour
   200 | D:1      | Reached XP level 2. HP: 18/27 MP: 1/1
  1115 | D:2      | Reached XP level 3. HP: 17/34 MP: 2/2
  1373 | D:2      | Found a blossoming altar of Fedhas.
  2106 | D:3      | Found a bloodstained altar of Trog.
  2113 | D:3      | Reached skill level 5 in Fighting
  2226 | D:3      | Found an iron altar of Okawaru.
  2229 | D:3      | Became a worshipper of Warmaster Okawaru
  2229 | D:3      | Reached * piety under Okawaru
  2229 | D:3      | Reached ** piety under Okawaru
  2334 | D:3      | Reached XP level 4. HP: 32/42 MP: 3/3
  2443 | D:4      | Reached skill level 1 in Invocations
  2443 | D:4      | Reached XP level 5. HP: 40/48 MP: 2/4
  2920 | D:4      | Reached skill level 1 in Axes
  2959 | D:4      | Reached XP level 6. HP: 35/57 MP: 3/6
  3141 | D:4      | Found an opulent altar of Gozag.
  3141 | D:4      | Found Gozag's Platinum Reserve.
  3352 | D:4      | Reached skill level 6 in Fighting
  3372 | D:5      | Entered Level 5 of the Dungeon
  3379 | D:5      | Found a shattered altar of Ashenzari.
  3412 | D:5      | Reached skill level 5 in Armour
  3482 | D:5      | Found a shadowy altar of Dithmenos.
  3611 | D:5      | Found a sand-covered staircase.
  3638 | Ossuary  | Entered an ossuary
  3811 | Ossuary  | Reached XP level 7. HP: 48/63 MP: 4/7
  3856 | Ossuary  | Reached *** piety under Okawaru
  4930 | D:6      | Reached skill level 5 in Axes
  4996 | D:6      | Reached XP level 8. HP: 35/71 MP: 9/9
  5512 | D:6      | Reached skill level 7 in Fighting
  5889 | D:6      | Noticed Blork the orc
  5901 | D:6      | Killed Blork the orc
  6871 | D:7      | Reached **** piety under Okawaru
  7217 | D:7      | Got a translucent short sword
  7233 | D:7      | Identified the +9 short sword of the Heavens {drain, Str+2 Dex+4} (You found it on level 7 of the Dungeon)
  7249 | D:7      | Found a glowing golden altar of the Shining One.
  7327 | D:7      | Noticed lanji's ghost (novice GrEE)
  7343 | D:7      | Killed lanji's ghost
  7343 | D:7      | Reached XP level 9. HP: 81/81 MP: 9/11
  7594 | D:7      | Found a staircase to the Ecumenical Temple.
  7601 | D:7      | Reached skill level 8 in Fighting
  7931 | D:8      | Found a burning altar of Makhleb.
  8270 | D:8      | Found an ancient bone altar of Kikubaaqudgha.
  8272 | D:8      | Found a white marble altar of Elyvilon.
  8304 | D:8      | Found a sparkling altar of Nemelex Xobeh.
  8862 | D:8      | Found a deep blue altar of Sif Muna.
  9017 | D:8      | Received a gift from Okawaru
  9157 | D:9      | Reached skill level 5 in Invocations
  9171 | D:9      | Found a radiant altar of Vehumet.
  9187 | D:9      | Reached skill level 9 in Axes
  9937 | D:9      | Found Nafatwedghun's Weapon Boutique.
  9940 | D:9      | Bought a +0 broad axe of flaming for 128 gold pieces
  9949 | D:9      | Reached skill level 10 in Fighting
  9949 | D:9      | Reached skill level 11 in Axes
  9949 | D:9      | Reached skill level 10 in Armour
  9949 | D:9      | Reached XP level 10. HP: 90/94 MP: 12/14
 10106 | D:10     | Entered Level 10 of the Dungeon
 10134 | D:10     | Reached skill level 12 in Axes
 10134 | D:10     | Reached XP level 11. HP: 101/101 MP: 15/15
 10335 | D:10     | Noticed a hill giant
 10340 | D:10     | Killed a hill giant
 10340 | D:10     | Reached ***** piety under Okawaru
 10395 | D:10     | Found a portal to a secret trove of treasure.
 10466 | D:10     | Noticed Fannar
 10480 | D:10     | Killed Fannar
 11094 | D:10     | Reached XP level 12. HP: 102/111 MP: 16/16
 11095 | D:10     | Reached XP level 13. HP: 107/119 MP: 17/17
 11142 | D:11     | Found Affy's Distillery.
 11268 | D:11     | Reached skill level 10 in Dodging
 11322 | D:11     | Found a staircase to the Lair.
 11349 | D:11     | Found Menaery's General Store.
 11381 | D:11     | Bought a scroll of identify for 28 gold pieces
 11456 | D:11     | Reached skill level 1 in Shields
 11720 | D:11     | Found Puanedghe's Magic Scroll Shoppe.
 11741 | D:11     | Bought a scroll of enchant armour for 82 gold pieces
 11741 | D:11     | Bought a scroll of fog for 22 gold pieces
 11741 | D:11     | Bought a scroll of noise for 11 gold pieces
 11741 | D:11     | Bought a scroll of teleportation for 33 gold pieces
 11741 | D:11     | Bought a scroll of magic mapping for 38 gold pieces
 11763 | D:11     | Found Gewydyoch's Weapon Emporium.
 11796 | D:11     | Found Zuutolu's Magic Scroll Shop.
 11804 | D:11     | Bought a scroll of enchant weapon for 120 gold pieces
 11804 | D:11     | Bought a scroll of random uselessness for 16 gold pieces
 11804 | D:11     | Bought a scroll of blinking for 120 gold pieces
 12198 | D:12     | Found a staircase to the Orcish Mines.
 12914 | D:12     | Found a roughly hewn altar of Beogh.
 13128 | D:11     | Reached skill level 13 in Armour
 13142 | Lair:1   | Entered Level 1 of the Lair of Beasts
 13272 | Lair:1   | Received a gift from Okawaru
 13397 | Lair:1   | Noticed Urug
 13432 | Lair:1   | Killed Urug
 14927 | Lair:3   | Identified 2 scrolls of acquirement
 14942 | Lair:3   | Got a pair of jewelled boots
 14948 | Lair:3   | Identified the +0 pair of boots of Henotheism {rN+++ Int-3 Dex+2 Stlth+} (You acquired it on level 3 of the Lair of Beasts)
 15119 | Lair:3   | Reached skill level 5 in Shields
 16060 | Lair:4   | Found a snail-covered altar of Cheibriados.
 16069 | Lair:4   | Found a hole to the Spider Nest.
 16073 | Lair:4   | Reached XP level 14. HP: 129/129 MP: 16/18
 16615 | Lair:5   | Reached skill level 10 in Shields
 17600 | Lair:5   | Received a gift from Okawaru
 18151 | Lair:6   | Found a staircase to the Swamp.
 18383 | Lair:6   | Found a staircase to the Slime Pits.
 18384 | Lair:6   | Found a viscous altar of Jiyva.
 20159 | Lair:8   | Entered Level 8 of the Lair of Beasts
 20542 | Lair:8   | Received a gift from Okawaru
 20543 | Lair:8   | Reached XP level 15. HP: 105/136 MP: 19/19
 20899 | Lair:8   | Noticed Nessos
 20960 | Lair:8   | Killed Nessos
 21578 | Lair:8   | Received a gift from Okawaru
 22144 | Orc:1    | Entered Level 1 of the Orcish Mines
 22144 | Orc:1    | Found Dibegeiz's Magic Scroll Shoppe.
 22144 | Orc:1    | Found Uvvegh's Book Boutique.
 22145 | Orc:1    | Found a bloodstained altar of Trog.
 22162 | Orc:1    | Paralysed by an orc sorcerer for 6 turns
 22622 | Orc:1    | Reached skill level 14 in Shields
 22682 | Orc:1    | Bought a scroll of identify for 36 gold pieces
 22682 | Orc:1    | Bought a scroll of identify for 36 gold pieces
 22682 | Orc:1    | Bought a scroll of identify for 36 gold pieces
 22688 | Orc:1    | Learned a level 2 spell: Blink
 22691 | Orc:1    | Found Muetacw's General Store.
 22885 | Orc:2    | Entered Level 2 of the Orcish Mines
 22885 | Orc:2    | Found a staircase to the Elven Halls.
 23267 | Orc:2    | Gained mutation: Armour fits poorly on your strangely shaped body. [a neqoxec]
 23747 | Orc:2    | Found a roughly hewn altar of Beogh.
 24159 | Orc:2    | Found Hucesk's General Store.
 24162 | Orc:2    | Found Iqurim's Food Emporium.
 24428 | Orc:2    | Bought a scroll of enchant weapon for 112 gold pieces
 25464 | Orc:2    | Found Qozepn's Book Boutique.
 25464 | Orc:2    | Found a one-way gate leading to the halls of Pandemonium.
 25464 | Orc:2    | Found Ojizeiha's Antique Weapon Shop.
 26226 | D:11     | Bought a scroll of holy word for 120 gold pieces
 26226 | D:11     | Bought a scroll of enchant weapon for 120 gold pieces
 26227 | D:11     | Gained mutation: You possess an exceptional clarity of mind. [potion of beneficial mutation]
 26228 | D:11     | Gained mutation: You are surrounded by a mild repulsion field (EV +2). [potion of beneficial mutation]
 26229 | D:11     | Lost mutation: You possess an exceptional clarity of mind. [potion of cure mutation]
 26229 | D:11     | Lost mutation: Armour fits poorly on your strangely shaped body. [potion of cure mutation]
 26399 | Swamp:1  | Entered Level 1 of the Swamp
 26747 | D:10     | You paid a toll of a wand of hasting (9) to enter a treasure trove
 26748 | Trove    | Entered a treasure trove
 26812 | D:10     | Upgraded the game from 0.18-a0-1196-g09327cf to 0.18-a0-1197-g8004e50
 26909 | D:13     | Found a gate to the Vaults.
 27018 | D:13     | Found a blossoming altar of Fedhas.
 27020 | D:13     | Reached XP level 16. HP: 120/147 MP: 20/20
 27510 | D:13     | Found Uxtoq's Weapon Boutique.
 27642 | D:13     | Found an oddly glowing altar of Pakellas.
 28575 | D:14     | Reached skill level 15 in Shields
 28599 | D:14     | Found Dasapnum's Book Shop.
 28873 | D:14     | Received a gift from Okawaru
 28881 | D:14     | Learned a level 1 spell: Apportation
 28953 | D:15     | Entered Level 15 of the Dungeon
 29052 | D:15     | Found Obajuhaf's Quality Used Wands.
 29113 | D:15     | Found Ogatypsy's General Store.
 29171 | D:15     | Reached skill level 15 in Fighting
 29176 | D:15     | Got a translucent lead ring
 29188 | D:15     | Identified the ring "Bihac" {MR+ MP+9 Dex+3} (You found it on level 15 of the Dungeon)
 29308 | D:15     | Noticed Azrael
 29373 | D:15     | Killed Azrael
 29812 | D:15     | Found a staircase to the Depths.
 29967 | D:15     | Got a steaming chain mail
 29978 | D:15     | Identified the +0 chain mail of Ologel {-Cast rElec Regen+} (You found it on level 15 of the Dungeon)
 30158 | D:15     | Reached skill level 15 in Armour
 30895 | Spider:1 | Entered Level 1 of the Spider Nest
 30900 | Spider:1 | Reached skill level 15 in Axes
 31059 | Spider:1 | Quit the game

Vault maps used:
D:1:      dpeg_arrival_fog
D:2:      fedhas_altar_3
D:3:      nicolae_overflow_crystal_walls, lemuel_doored_altar, first_bread
D:4:      nicolae_gozag_zags_fifth_avenue, amethyst_killhole
D:5:      nicolae_dithmenos_shadow_blocks, basic_altar, enter_ossuary_4
D:6:      uniq_blork_the_orc
D:7:      nicolae_overflow_hidden_temple, minmay_temple_entry_hall
D:8:      gammafunk_temple_overflow_forgotten, kennysheep_mini, demons_altar
D:9:      vehumet_altar_wand_db, serial_shops, nicolae_shop_behind_doors
D:10:     nicolae_trove_entry_diagonal, uniq_fannar
D:11:     minmay_lair_entry_lava, serial_shops, shop_coins,
          nicolae_shop_crystal, nicolae_shop_stone, shop, nicolae_shop_trees,
          hangedman_little_slice_of_home
D:12:     minmay_orc_entry_temple_small
D:13:     david_vaults_2, serial_shops, shop_fountains, basic_altar,
          grunt_pakellas_sulfur
D:14:     serial_park_tiny_pond, serial_shops, shop
D:15:     grunt_enter_depths_magical_seal, serial_aquarium,
          aquarium_bridge_square, aquarium_window_fake, aquarium_window_fake,
          aquarium_view_2d, aquarium_view_2c, serial_shops, shop,
          nicolae_for_you_no_charge, uniq_azrael
Lair:1:   lemuel_fruit_tree, serial_bayou_shore_a, bh_autumn_forest_stairs,
          uniq_urug
Lair:4:   spider_nest_entry_a, basic_altar, grunt_megastairs_1,
          infiniplex_staircase_pool_2
Lair:5:   st_stairs_11, wad_woods_road_01, beast_lair_carwin_8,
          grunt_megastairs_2
Lair:6:   swamp_mist, slime_altar_1
Lair:7:   serial_bayou_shore_b, lemuel_fruit_fields, grunt_megastairs_4
Lair:8:   minmay_lair_end_enchanted_forest, bobbens_dragon_lair_wall,
          uniq_nessos
Swamp:1:  hangedman_swamp_cone
Orc:1:    serial_shops, nicolae_shop_temple_entry_statues_fountains,
          nicolae_shop_statue_plus, shop, trog_book
Orc:2:    pf_orc_diabolical, basic_altar, hangedman_minor_magic
Trove:    trove_wands_scrolls
Ossuary:  ossuary_tomb_1

Action                   |  1- 3 |  4- 6 |  7- 9 | 10-12 | 13-15 | 16-18 || total
-------------------------+-------+-------+-------+-------+-------+-------++-------
Melee: Unarmed           |    95 |    36 |       |       |       |       ||   131
       Hand axe          |       |    86 |   268 |       |       |       ||   354
       Short sword       |       |       |   169 |       |       |       ||   169
       Broad axe         |       |       |       |    69 |  1466 |   339 ||  1874
Invok: Heroism           |       |     6 |    11 |     3 |    30 |     6 ||    56
       Finesse           |       |       |       |     1 |     2 |       ||     3
Evoke: Wand              |       |       |       |       |     1 |       ||     1
  Use: Scroll            |       |       |    11 |       |    30 |     3 ||    44
       Potion            |       |       |     2 |     2 |     5 |       ||     9
 Stab: Sleeping          |     3 |       |       |       |       |       ||     3
  Eat: Chunk             |     2 |     5 |    17 |     4 |    52 |     8 ||    88
       Pizza             |     1 |       |       |       |       |     2 ||     3
       Royal jelly       |       |       |     1 |       |       |       ||     1
       Beef jerky        |       |       |     2 |       |     2 |     1 ||     5
       Fruit             |       |       |       |       |     2 |       ||     2
